 Dungeon Crawl Stone Soup version 0.25-a0-36-g303dd5b1f4 (webtiles) character file.

Game seed: 1408592866802739663, levelgen mode: deterministic

191376 Grimalkyne the Warrior (level 17, 172/172 HPs)
             Began as a Minotaur Fighter on Oct 17, 2019.
             Was an Elder of Cheibriados.
             Quit the game on level 1 of the Shoals on Dec 4, 2019.
             The game lasted 01:56:39 (40948 turns).

Grimalkyne the Warrior (Minotaur Fighter)          Turns: 40948, Time: 01:56:39

Health: 172/172    AC: 21    Str: 31    XL:     17   Next: 57%
Magic:  23/23      EV:  8    Int: 14    God:    Cheibriados [****..]
Gold:   2657       SH: 16    Dex: 25    Spells: 16/16 levels left

rFire    . . .     SeeInvis +   a - +3 broad axe (freeze)
rCold    . . .     Gourm    +   y - +0 shield {reflect} (curse)
rNeg     . . .     Faith    .   u - +0 plate armour
rPois    .         Spirit   .   (helmet restricted)
rElec    .         Reflect  +   E - +0 cloak
rCorr    .         Harm     .   k - +0 pair of gloves
MR       ++...                  D - +0 pair of boots
Stlth    ..........             B - amulet of the gourmand {Gourm, !d}
HPRegen  0.38/turn              j - ring of see invisible {sInv, !d}
MPRegen  0.18/turn              t - ring of protection from magic {MR+, !d}

@: very slow
A: retaliatory headbutt, horns 2
}: 1/15 runes: gossamer
a: Bend Time, Temporal Distortion, Slouch, Renounce Religion


You were on level 1 of the Shoals.
You worshipped Cheibriados.
Cheibriados was greatly pleased with you.
You were very full.

You visited 6 branches of the dungeon, and saw 29 of its levels.
You also visited: Ice Cave.

You collected 2657 gold pieces.

Inventory:

Hand Weapons
 a - a +3 broad axe of freezing (weapon)
   (You acquired it on level 4 of the Lair of Beasts)
Missiles
 c - 4 throwing nets {=f, !d}
 p - 547 stones (quivered)
Armour
 k - a +0 pair of gloves (worn)
   (You found it on level 4 of the Dungeon)
 u - a +0 plate armour (worn)
   (You took it off an orc warrior on level 9 of the Dungeon)
 y - a cursed +0 shield of reflection (worn)
   (You took it off Donald on level 3 of the Spider Nest)
 D - a +0 pair of boots (worn)
   (You found it on level 5 of the Dungeon)
 E - a +0 cloak (worn)
   (You found it on level 8 of the Dungeon)
 M - the +3 buckler of Piseru {rN+ Str+3 Int-5 Dex+4}
   (You found it on level 4 of the Spider Nest)

   It affects your strength (+3).
   It affects your intelligence (-5).
   It affects your dexterity (+4).
   It protects you from negative energy.
Magical Staves
 i - an uncursed staff of poison {rPois}
   (You took it off Arachne on level 4 of the Spider Nest)
Jewellery
 h - an uncursed amulet of harm {unknown}
   (You found it on level 4 of the Spider Nest)
 j - a ring of see invisible (left hand) {sInv, !d}
   (You found it on level 2 of the Lair of Beasts)
 q - an uncursed ring of fire {rF+, rC-}
   (You found it on level 2 of the Dungeon)
 t - a ring of protection from magic (right hand) {MR+, !d}
   (You found it on level 2 of the Dungeon)
 B - an amulet of the gourmand (around neck) {Gourm, !d}
   (You took it off an orc wizard on level 3 of the Dungeon)
 H - an uncursed ring of flight {+Fly, !d}
   (You found it on level 5 of the Dungeon)
 O - an uncursed ring of ice {rC+, rF-}
   (You found it in an ice cave)
 X - a +4 ring of protection
   (You took it off Donald on level 3 of the Spider Nest)
Wands
 b - a wand of acid (6)
   (You found it on level 15 of the Dungeon)
 w - a wand of polymorph (7)
   (You found it on level 10 of the Dungeon)
 A - a wand of disintegration (11)
   (You found it in an ice cave)
 G - a wand of clouds (7)
   (You found it on level 8 of the Dungeon)
 K - a wand of flame (12)
   (You took it off an orc on level 7 of the Dungeon)
 L - a wand of iceblast (12)
   (You found it in an ice cave)
 U - a wand of paralysis (7)
   (You found it on level 3 of the Lair of Beasts)
 W - a wand of enslavement (8)
   (You took it off an orc on level 12 of the Dungeon)
Scrolls
 e - 7 scrolls of remove curse
 m - 5 scrolls of amnesia
 o - 4 scrolls of fog
 x - a scroll of blinking {!r}
 F - 3 scrolls of fear
 I - 2 scrolls of teleportation
 Q - 2 scrolls of enchant armour
 V - 2 scrolls of magic mapping {!r}
Potions
 d - 5 potions of might
 g - 2 potions of ambrosia {unknown}
 l - 2 potions of cancellation {unknown}
 n - 8 potions of brilliance
 r - 10 potions of agility
 s - 11 potions of curing
 v - 2 potions of magic
 z - 3 potions of flight
 C - 3 potions of resistance
 P - 5 potions of lignification {!q}
 S - 4 potions of mutation {!q}
Miscellaneous
 J - a lamp of fire
   (You found it on level 10 of the Dungeon)
 Z - a lightning rod (4/4)
   (You found it on level 2 of the Spider Nest)
Comestibles
 f - 43 rations


   Skills:
 + Level 20.6 Fighting
 - Level 18.0 Axes
 + Level 8.4 Throwing
 + Level 14.5 Armour
 - Level 15.0 Shields
 - Level 10.0 Invocations


You had 16 spell levels left.
You didn't know any spells.
Your spell library contained the following spells:

 Spells                   Type           Power        Failure   Level  Hunger
 Beastly Appendage        Tmut           #.....       83%         1    ##.....
 Corona                   Hex            #......      83%         1    ##.....
 Flame Tongue             Conj/Fire      #....        83%         1    ##.....
 Freeze                   Ice            #...         83%         1    ##.....
 Infusion                 Chrm           #...         83%         1    ##.....
 Sting                    Conj/Pois      #...         83%         1    ##.....
 Corpse Rot               Necr           N/A          93%         2    ###....
 Ensorcelled Hibernation  Hex/Ice        #.....       93%         2    ###....
 Poisonous Vapours        Pois/Air       #.....       93%         2    ###....
 Shroud of Golubria       Chrm/Tloc      #.....       93%         2    ###....
 Song of Slaying          Chrm           #.......     93%         2    ###....
 Sticks to Snakes         Tmut           #.......     93%         2    ###....
 Throw Flame              Conj/Fire      #.....       93%         2    ###....
 Throw Frost              Conj/Ice       #.....       93%         2    ###....
 Confuse                  Hex            #.......     99%         3    ####...
 Conjure Flame            Conj/Fire      #.......     99%         3    ####...
 Dazzling Spray           Conj/Hex       #.....       99%         3    ####...
 Ignite Poison            Fire/Tmut/Pois #.......     99%         3    ####...
 Inner Flame              Hex/Fire       #.......     99%         3    ####...
 Mephitic Cloud           Conj/Pois/Air  #.......     99%         3    ####...
 Ozocubu's Armour         Chrm/Ice       #.......     99%         3    ####...
 Regeneration             Chrm/Necr      #.........   99%         3    ####...
 Spectral Weapon          Hex/Chrm       #.......     99%         3    ####...
 Spider Form              Tmut/Pois      #.........   99%         3    ####...
 Stone Arrow              Conj/Erth      #.....       99%         3    ####...
 Tukima's Dance           Hex            #.......     99%         3    ####...
 Cause Fear               Hex            #.........   100%        4    #####..
 Ice Form                 Ice/Tmut       #.......     100%        4    #####..
 Leda's Liquefaction      Hex/Erth       #.........   100%        4    #####..
 Olgreb's Toxic Radiance  Pois           #.......     100%        4    #####..
 Sticky Flame             Conj/Fire      #.......     100%        4    #####..
 Summon Ice Beast         Ice/Summ       #.......     100%        4    #####..
 Throw Icicle             Conj/Ice       #.......     100%        4    #####..
 Blade Hands              Tmut           #.........   100%        5    ######.
 Fireball                 Conj/Fire      #.........   100%        5    ######.
 Summon Forest            Summ/Tloc      #.........   100%        5    ######.
 Venom Bolt               Conj/Pois      #.........   100%        5    ######.
 Bolt of Fire             Conj/Fire      #.........   100%        6    #######
 Hydra Form               Tmut           #.........   100%        6    #######
 Dragon Form              Tmut           #.........   100%        7    #######
 Ring of Flames           Chrm/Fire      #.........   100%        7    #######
 Summon Hydra             Summ           #.........   100%        7    #######
 Ignition                 Fire           #.........   100%        8    #######
 Dragon's Call            Summ           #.........   100%        9    #######


Dungeon Overview and Level Annotations

Branches:
Dungeon (15/15) Temple (1/1) D:6 Lair (6/6) D:10 Shoals (1/4) Lair:2 Spider (4/4) Lair:2 Orc (2/2) D:12 Elf (0/3) Orc:2 Vaults (0/5) D:13 D:14 Depths (0/5) D:15 IceCv (visited) Slime: Lair:5-6

Altars:
Cheibriados
Gozag
Hepliaklqana
Nemelex Xobeh
Okawaru
Qazlal
Sif Muna
Trog
Vehumet
Wu Jian
Xom
Beogh

Shops:
D:10 }   D:12 ([   D:15 (   Orc:2 :(*[

Annotations:
D:4 3 runed translucent doors, loralnil's ghost, novice OpAs
D:10 exclusion: orange crystal statue
D:14 Roxanne
Lair:6 2 runed translucent doors, exclusion: oklob plant
Spider:2 1 runed translucent door, Ibuvvups's ghost, adept TrFi
Orc:2 2 transporters, wazuzu's ghost, journeyman FoFi


Innate Abilities, Weirdness & Mutations

You reflexively headbutt those who attack you in melee.
You have a pair of horns on your head.


Message History

The ghost moth barely misses you. You furiously retaliate!
You headbutt the ghost moth! You block the ghost moth's attack.
The ghost moth stings you but does no damage.
You closely miss the ghost moth. You block the ghost moth's attack.
The ghost moth hits you but does no damage.
The ghost moth stings you but does no damage.
You hit the ghost moth.
You headbutt the ghost moth, but do no damage.
The ghost moth stares at you.
You feel your power leaking away.
The ghost moth hits you but does no damage. x2
You block the ghost moth's attack.
You now have 8/23 mp.
You hit the ghost moth but do no damage.
Your headbutt misses the ghost moth. You slice the ghost moth!!
You freeze the ghost moth. The ghost moth stares at you.
You feel your power leaking away. You block the ghost moth's attack.
The ghost moth hits you.
The ghost moth stings you but does no damage.
You now have 2/23 mp.
You hit the ghost moth.
You headbutt the ghost moth, but do no damage.
The ghost moth hits you but does no damage. x2
You block the ghost moth's attack.
You slash the ghost moth! You freeze the ghost moth.
You kill the ghost moth!
Cheibriados appreciates the change of pace.
You start resting.
Health restored: 172; MP restored: 23
p - 533 stones (gained 2)
p - 534 stones (gained 1)
p - 536 stones (gained 2)
p - 537 stones (gained 1)
p - 539 stones (gained 2)
p - 540 stones (gained 1)
p - 541 stones (gained 1)
p - 543 stones (gained 2)
p - 545 stones (gained 2)
p - 546 stones (gained 1)
p - 547 stones (gained 1)
You see here a ghost moth corpse.
There is an open gate here.
Done exploring.
Done exploring.
(D) Dungeon (T) Temple (L) Lair (A) Shoals (N) Spider Nest (O) Orcish Mines (E) Elven Halls (V) Vaults (U) Depths
Where to? (Enter - Spider:4, ? - help)
What level of the Shoals? (default 1, ? - help)
You see here a wand of random effects (30).
There is a stone staircase leading up here.
You climb upwards.
There is a stone staircase leading down here.
There is a stone staircase leading up here.
You climb upwards.
Level annotation: 1 runed translucent door, Ibuvvups's ghost, adept TrFi
There is a stone staircase leading down here.
You enter the shallow water.
Moving in this stuff is going to be slow.
There is a stone staircase leading up here.
You climb upwards.
There is a stone staircase leading down here.
There is a crawl-hole back to the Lair, spattered with blood here.
You climb upwards.
Welcome back to the Lair of Beasts!
There is a hole to the Spider Nest here.
There is a staircase to the Shoals, spattered with blood here.
You climb downwards.
Welcome to the Shoals!
This branch is very noisy, and so sound travels much less far.
This branch contains the barnacled rune of Zot.
Found 20 sling bullets.
Found a stone staircase leading down.
There is a staircase back to the Lair here.
Saving game... please wait.
Welcome back, Grimalkyne the Minotaur Fighter.
Cheibriados says: Take it easy.
Quiver which item? (- for none, * to show all) (? for menu, Esc to quit)
Okay, then.
Okay, then.
Unknown command.
Unknown command.
Okay, then.
Unknown command.
Quiver which item? (- for none, * to show all) (? for menu, Esc to quit)
Okay, then.
Unknown command.
Unknown command.
Unknown command.
Unknown command.
Unknown command.
Quiver which item? (- for none, * to show all) (? for menu, Esc to quit)
Okay, then.
Unknown command.
Unknown command.
Okay, then.
Unknown command.
Unknown command.
Okay, then.
Okay, then.
Okay, then.
Okay, then.

≈≈≈≈≈≈≈....≈≈≈
≈≈≈≈≈≈....≈≈≈
≈≈≈≈≈≈....≈≈
≈≈≈≈≈≈≈....
≈≈≈≈≈≈.... .
≈≈≈≈≈≈... ≈..
≈≈≈≈≈≈..###....>
≈≈≈≈≈..@<...(...
≈≈≈.....#.......
≈≈≈≈≈..###..##..
≈≈≈≈≈.. ###
≈≈≈≈≈.# ≈≈≈≈≈.
≈≈≈≈.. ≈≈≈≈..


There were no monsters in sight!

Vanquished Creatures
  Arachne (Spider:4)
  Rupert (D:14)
  Agnes (Spider:3)
  Donald (Spider:3)
  An orc warlord (Orc:2)
  8 ghost moths
  6 emperor scorpions
  4 entropy weavers
  Nessos (Lair:5)
  Azrael (Spider:3)
  4 spark wasps
  An ettin (Orc:2)
  Fannar (Lair:3)
  Harold (D:12)
  3 catoblepae
  10 hydras
  6 centaur warriors
  4 two-headed ogres
  2 tengu warriors
  An orc high priest (Orc:2)
  A fire crab (Lair:6)
  3 unseen horrors
  A lindwurm (Lair:6)
  A wolf spider zombie (D:13)
  A mana viper (shapeshifter) (D:15)
  28 wolf spiders
  3 oklob plants (Lair:3)
  7 orc sorcerers
  5 orc knights
  3 deep elf magi
  A necromancer (IceCv)
  5 manticores
  27 orb spiders
  3 ugly things
  2 moths of wrath (Spider:4)
  6 cyclopes
  16 elephants
  A centaur zombie (D:13)
  An ice statue (IceCv)
  7 black mambas
  2 molten gargoyles (Lair:6)
  4 torpor snails
  A kobold demonologist (D:15)
  A gargoyle (D:14)
  A rime drake (Lair:1)
  An efreet (D:15)
  19 demonic crawlers
  9 spiny frogs
  11 komodo dragons
  2 tengu conjurers (D:14)
  10 freezing wraiths (IceCv)
  5 trolls
  49 jumping spiders
  Prince Ribbit (D:8)
  A polar bear (Lair:2)
  5 hornets
  2 slime creatures (D:15)
  6 hippogriffs
  24 blink frogs
  A shadow (D:15)
  A spriggan (Lair:2)
  27 tarantellas
  70 redbacks
  21 humans
  2 wraiths (D:10)
  Eustachio (D:6)
  27 yaks
  3 hungry ghosts
  5 basilisks
  6 wyverns
  5 fire elementals (Spider:3)
  4 vampire mosquitoes (Spider:1)
  2 steam dragons (Lair:6)
  2 death yak simulacra (IceCv)
  Menkaure (D:7)
  A warg (Orc:2)
  2 acid dragons
  7 hell hounds
  Duvessa (D:6)
  9 water moccasins
  2 soldier ants
  9 porcupines
  32 orc warriors
  17 ice beasts
  6 sky beasts
  2 black bears
  An alligator simulacrum (IceCv)
  10 wolves
  An eye of draining (D:15)
  5 phantoms
  17 ogres
  13 centaurs
  11 crocodiles
  3 big kobolds
  15 bullfrogs
  A gnoll sergeant (D:12)
  4 earth elementals (Spider:2)
  A water moccasin zombie (D:5)
  5 scorpions
  Dowan (D:6)
  A wyvern skeleton (D:14)
  7 howler monkeys
  3 electric eels
  9 crimson imps
  3 quasits
  5 lava snakes (Lair:6)
  A draconian simulacrum (IceCv)
  2 bullfrog zombies (D:12)
  7 jellies
  24 orc priests
  7 hounds
  2 bullfrog skeletons
  2 centaur skeletons
  2 iguanas
  45 orc wizards
  11 worker ants
  A killer bee zombie (D:7)
  A polar bear simulacrum (IceCv)
  6 troll simulacra (IceCv)
  3 spriggan simulacra (IceCv)
  4 centaur simulacra (IceCv)
  A hound skeleton (D:9)
  A worker ant zombie (D:9)
  3 gnolls (D:12)
  5 naga simulacra (IceCv)
  15 adders
  An ogre simulacrum (IceCv)
  2 shadow imps
  12 white imps (IceCv)
  7 oozes
  4 adder skeletons
  3 worms
  A dart slug (D:1)
  2 leopard geckos
  116 orcs
  5 giant cockroaches
  5 goblins
  10 hobgoblins
  7 jackals
  2 quokkas
  7 ball pythons
  4 bats
  4 frilled lizards
  21 kobolds
  4 rats
  A fungus (Lair:6)
  6 plants
1083 creatures vanquished.

Vanquished Creatures (others)
  A tengu conjurer (D:13)
  An orc wizard (Orc:1)
  16 fungi (Lair:6)
  9 plants
27 creatures vanquished.

Grand Total: 1110 creatures vanquished

Notes
Turn   | Place    | Note
-------+----------+-------------------------------------------
     0 | D:1      | Grimalkyne the Minotaur Fighter began the quest for the
                  | Orb.
     0 | D:1      | Reached XP level 1. HP: 19/19 MP: 0/0
    59 | D:1      | Reached skill level 3 in Axes
    64 | D:1      | Reached XP level 2. HP: 23/27 MP: 1/1
   580 | D:1      | Reached skill level 4 in Axes
   829 | D:2      | Reached XP level 3. HP: 32/33 MP: 2/2
  1256 | D:2      | Reached skill level 5 in Axes
  1499 | D:3      | Reached XP level 4. HP: 34/40 MP: 3/3
  1505 | D:3      | Reached skill level 6 in Axes
  1514 | D:3      | Reached XP level 5. HP: 35/46 MP: 4/4
  1783 | D:2      | Reached skill level 4 in Fighting
  1783 | D:2      | Reached skill level 4 in Armour
  2374 | D:3      | Reached XP level 6. HP: 43/53 MP: 5/5
  3043 | D:3      | Reached skill level 7 in Axes
  3251 | D:4      | Reached skill level 5 in Fighting
  3251 | D:4      | Reached skill level 5 in Armour
  3412 | D:4      | Reached XP level 7. HP: 61/61 MP: 6/6
  3684 | D:4      | Found a runed translucent gate.
  3684 | D:4      | Found a runed translucent gate.
  3684 | D:4      | Found a runed translucent gate.
  3687 | D:4      | Noticed loralnil's ghost (novice OpAs)
  3874 | D:4      | Found a shimmering altar of Xom.
  3948 | D:5      | Entered Level 5 of the Dungeon
  4006 | D:5      | Reached skill level 6 in Armour
  4007 | D:5      | Reached skill level 6 in Fighting
  4155 | D:5      | Reached skill level 8 in Axes
  4609 | D:5      | Found Faiph's Antique Weapon Shop.
  4638 | D:5      | Reached XP level 8. HP: 71/71 MP: 7/7
  5434 | D:6      | Reached skill level 4 in Shields
  5469 | D:6      | Found a staircase to the Ecumenical Temple.
  5479 | Temple   | Entered the Ecumenical Temple
  5495 | Temple   | Became a worshipper of Cheibriados the Contemplative
  5565 | D:6      | Noticed Dowan
  5567 | D:6      | Noticed Duvessa
  5590 | Temple   | Reached skill level 7 in Fighting
  5590 | Temple   | Reached skill level 7 in Armour
  5768 | D:6      | Killed Dowan
  6237 | D:6      | Killed Duvessa
  6237 | D:6      | Reached skill level 9 in Axes
  6407 | D:6      | Noticed Eustachio
  6455 | D:6      | Killed Eustachio
  6455 | D:6      | Reached skill level 5 in Shields
  6999 | D:7      | Noticed Menkaure
  6999 | D:7      | Noticed a two-headed ogre
  7058 | D:7      | Reached XP level 9. HP: 81/81 MP: 8/8
  7085 | D:7      | Reached * piety under Cheibriados
  7088 | D:7      | Reached skill level 8 in Fighting
  7148 | D:7      | Reached skill level 6 in Shields
  7517 | D:7      | Killed a two-headed ogre
  7517 | D:7      | Reached skill level 9 in Fighting
  7517 | D:7      | Reached skill level 10 in Axes
  7517 | D:7      | Reached skill level 7 in Shields
  7713 | D:7      | Reached ** piety under Cheibriados
  8071 | D:7      | Killed Menkaure
  8364 | D:7      | Reached skill level 8 in Shields
  8364 | D:7      | Reached XP level 10. HP: 92/92 MP: 9/9
  8459 | D:8      | Noticed a two-headed ogre
  8466 | D:8      | Killed a two-headed ogre
  8466 | D:8      | Reached skill level 10 in Fighting
  8466 | D:8      | Reached skill level 11 in Axes
  8875 | D:8      | Reached skill level 9 in Shields
  8929 | D:8      | Reached *** piety under Cheibriados
  8948 | D:8      | HP: 22/94 [hippogriff (8)]
  9230 | D:8      | Noticed Prince Ribbit
  9239 | D:8      | Killed Prince Ribbit
  9991 | D:9      | Reached skill level 12 in Axes
 10002 | D:9      | Reached skill level 11 in Fighting
 10092 | D:9      | Reached **** piety under Cheibriados
 10333 | D:9      | Reached skill level 1 in Invocations
 10505 | D:9      | Reached skill level 10 in Shields
 10757 | D:10     | Entered Level 10 of the Dungeon
 10773 | D:10     | Noticed a green ugly thing
 10781 | D:10     | Noticed a deep elf archer
 10834 | D:10     | Noticed an orange crystal statue
 10896 | D:10     | Found a staircase to the Lair.
 11031 | D:10     | Reached XP level 11. HP: 98/102 MP: 11/11
 11214 | D:10     | Found Liboth's Gadget Shoppe.
 11515 | D:10     | Reached skill level 2 in Invocations
 11632 | D:11     | Reached ***** piety under Cheibriados
 11834 | D:11     | Found a stormy altar of Qazlal.
 11930 | D:11     | Noticed a six-headed hydra
 11937 | D:11     | Killed a six-headed hydra
 11937 | D:11     | Reached skill level 3 in Invocations
 12017 | D:11     | Noticed a two-headed ogre
 12026 | D:11     | Killed a two-headed ogre
 12060 | D:11     | Reached skill level 12 in Fighting
 12060 | D:11     | Reached skill level 4 in Invocations
 12262 | D:11     | Reached skill level 13 in Axes
 12292 | D:11     | Reached skill level 11 in Shields
 12365 | D:11     | Noticed a purple ugly thing
 12370 | D:11     | Killed a purple ugly thing
 12609 | Lair:1   | Entered Level 1 of the Lair of Beasts
 12980 | Lair:1   | Reached skill level 12 in Shields
 13035 | Lair:1   | Reached XP level 12. HP: 113/113 MP: 14/14
 13169 | Lair:1   | Noticed an eight-headed hydra
 13177 | Lair:1   | Killed an eight-headed hydra
 13378 | Lair:1   | Reached skill level 13 in Shields
 13717 | Lair:2   | Reached ****** piety under Cheibriados
 13825 | Lair:2   | Reached skill level 14 in Shields
 13831 | Lair:2   | Found a hole to the Spider Nest.
 14027 | Lair:2   | Reached skill level 15 in Shields
 14092 | Lair:2   | Found a staircase to the Shoals.
 14266 | Lair:2   | Noticed a six-headed hydra
 14272 | Lair:2   | Killed a six-headed hydra
 14536 | Lair:3   | Reached skill level 13 in Fighting
 14548 | Lair:3   | Found a frozen archway.
 14570 | IceCv    | Entered an ice cave
 14601 | IceCv    | Reached skill level 14 in Axes
 14837 | IceCv    | Reached XP level 13. HP: 97/122 MP: 15/15
 15008 | IceCv    | Found an ancient bone altar of Kikubaaqudgha.
 16231 | Lair:3   | Noticed Fannar
 16248 | Lair:3   | Killed Fannar
 16491 | Lair:3   | Reached skill level 14 in Fighting
 16922 | Lair:3   | Reached skill level 15 in Axes
 18326 | Lair:4   | Identified a scroll of acquirement
 18732 | Lair:5   | HP: 25/125 [catoblepas/blast of calcifying dust (8)]
 19105 | Lair:5   | Reached skill level 15 in Fighting
 19126 | Lair:5   | Reached skill level 16 in Axes
 19735 | Lair:5   | Noticed Nessos
 19737 | Lair:5   | Killed Nessos
 19887 | Lair:6   | Entered Level 6 of the Lair of Beasts
 20122 | Lair:6   | Reached XP level 14. HP: 127/136 MP: 16/16
 21094 | Lair:6   | Reached skill level 16 in Fighting
 21526 | Lair:6   | Found a large runed translucent door.
 21527 | Lair:6   | Found a large runed translucent door.
 21604 | Lair:6   | Reached skill level 17 in Axes
 22494 | D:12     | Got a translucent hand axe
 22550 | D:12     | Identified the +6 hand axe of Uwaonept {freeze, rElec MP+9
                  | Str-4} (You found it on level 12 of the Dungeon)
 22910 | D:12     | Found Fuataan's Armour Boutique.
 22959 | D:12     | Found a staircase to the Orcish Mines.
 23056 | D:12     | Found Ameufez's Weapon Boutique.
 23066 | D:12     | Identified the +8 halberd of Winter {pain, Str+2}
 23731 | Orc:1    | Entered Level 1 of the Orcish Mines
 23740 | Orc:1    | Reached skill level 5 in Invocations
 23742 | Orc:1    | Noticed Harold
 23891 | D:12     | Killed Harold
 24478 | Orc:2    | Entered Level 2 of the Orcish Mines
 24481 | Orc:2    | Reached skill level 17 in Fighting
 24515 | Orc:2    | Reached skill level 8 in Armour
 24536 | Orc:2    | Noticed an orc warlord
 24552 | Orc:2    | Killed an orc warlord
 24926 | Orc:2    | Reached skill level 6 in Invocations
 24983 | Orc:2    | Found a roughly hewn altar of Beogh.
 25181 | Orc:2    | Found a staircase to the Elven Halls.
 25284 | Orc:2    | Found a transporter.
 25284 | Orc:2    | Noticed wazuzu's ghost (journeyman FoFi)
 25300 | Orc:2    | Found Ukloacza's Antique Weapon Shop.
 25353 | Orc:2    | Found Lelotwew's Antique Armour Shop.
 25393 | Orc:2    | Found Woimur's General Store.
 25946 | Orc:2    | Found Hymmasa's Book Shop.
 26140 | Orc:2    | Found a roughly hewn altar of Beogh.
 26229 | Orc:2    | Found a transporter.
 26430 | Orc:1    | Reached XP level 15. HP: 134/147 MP: 18/18
 26874 | D:13     | Reached skill level 9 in Armour
 27318 | D:13     | Reached skill level 18 in Axes
 27770 | D:14     | Found a gate to the Vaults.
 27770 | D:14     | Noticed Rupert
 27840 | D:14     | Reached skill level 7 in Invocations
 27844 | D:14     | Killed Rupert
 28116 | D:14     | Reached skill level 10 in Armour
 28339 | D:14     | Reached skill level 8 in Invocations
 28407 | D:14     | Reached skill level 18 in Fighting
 29234 | D:14     | Identified Roxanne's Almanac of the Mountains
 29234 | D:14     | Noticed Roxanne
 29294 | D:15     | Entered Level 15 of the Dungeon
 29772 | D:15     | Found Jarelir's Weapon Shoppe.
 29905 | D:15     | Upgraded the game from 0.25-a0-24-g72dcfe0359 to
                  | 0.25-a0-35-g747a2b3c0c
 30053 | D:15     | Found a staircase to the Depths.
 30436 | Spider:1 | Entered Level 1 of the Spider Nest
 30445 | Lair:2   | Reached skill level 9 in Invocations
 31343 | Spider:1 | Noticed a ghost moth
 31350 | Spider:1 | Killed a ghost moth
 31922 | Spider:2 | Reached XP level 16. HP: 159/159 MP: 17/22
 31935 | Spider:2 | HP: 38/159 [entropy weaver (13)]
 31939 | Spider:1 | Reached skill level 11 in Armour
 32512 | Spider:2 | Reached skill level 10 in Invocations
 32578 | Spider:2 | Reached skill level 19 in Fighting
 32735 | Spider:2 | Reached skill level 1 in Throwing
 33013 | Spider:2 | Reached skill level 2 in Throwing
 33176 | Spider:2 | Found a runed translucent door.
 33177 | Spider:2 | Found a shimmering altar of Xom.
 33177 | Spider:2 | Identified the +4 dire flail of a Million Tales {chaos,
                  | +Blink +Inv rF+}
 33177 | Spider:2 | Noticed Ibuvvups's ghost (adept TrFi)
 34380 | Spider:3 | Noticed Agnes
 34382 | Spider:3 | Noticed Donald
 34394 | Spider:3 | Killed Agnes
 34394 | Spider:3 | Reached skill level 3 in Throwing
 34394 | Spider:3 | Reached skill level 12 in Armour
 34610 | Spider:3 | Upgraded the game from 0.25-a0-35-g747a2b3c0c to
                  | 0.25-a0-36-g303dd5b1f4
 35210 | Spider:3 | Killed Donald
 35210 | Spider:3 | Reached skill level 4 in Throwing
 35581 | Spider:3 | Noticed Azrael
 35590 | Spider:3 | Killed Azrael
 35590 | Spider:3 | Reached skill level 5 in Throwing
 36774 | Spider:3 | Reached skill level 13 in Armour
 36892 | Spider:4 | Entered Level 4 of the Spider Nest
 37235 | Spider:4 | Reached skill level 6 in Throwing
 37366 | Spider:4 | Reached skill level 20 in Fighting
 37409 | Spider:4 | Reached XP level 17. HP: 162/170 MP: 0/23
 37596 | Spider:4 | Got a transparent buckler
 37597 | Spider:4 | Identified the +3 buckler of Piseru {rN+ Str+3 Int-5 Dex+4}
                  | (You found it on level 4 of the Spider Nest)
 37631 | Spider:4 | Noticed Arachne
 38127 | Spider:4 | Killed Arachne
 38127 | Spider:4 | Reached skill level 7 in Throwing
 38758 | Spider:4 | Reached skill level 14 in Armour
 39716 | Spider:4 | Reached skill level 8 in Throwing
 40217 | Spider:4 | Got a gossamer rune of Zot
 40946 | Shoals:1 | Entered Level 1 of the Shoals
 40948 | Shoals:1 | Quit the game

Levels and vault maps discovered:
D:1:      dpeg_arrival_renting, layout_basic, minmay_cut_off
D:2:      layout_rooms
D:3:      layout_loops_cross, first_ration, minmay_snake_closets
D:4:      layout_rooms, nicolae_overflow_crystal_walls,
          ebering_ghost_rock_garden
D:5:      layout_layer_cave, serial_shops, nicolae_shop_statue_plus,
          kennysheep_generic_room_3
D:6:      layout_basic, minmay_temple_entry_gardened_gates, dk_vineyard_2,
          uniq_eustachio, uniq_duvessa
D:7:      layout_basic, uniq_menkaure
D:8:      layout_basic, minmay_ruffians, uniq_prince_ribbit1
D:9:      layout_cave_pools, hangedman_little_slice_of_home
D:10:     layout_basic, dpeg_oklobed_lair, serial_shops,
          nicolae_shop_behind_doors, minivault_15,
          onia_ninara_dug_in_and_dangerous
D:11:     layout_basic, basic_altar
D:12:     layout_long_grid, orc_david_3
D:13:     layout_gridville
D:14:     layout_loops_ring, david_vaults_3, serial_shops, bzr_entry_safe,
          minmay_misc_feat_rugged, kennysheep_potato, uniq_roxanne
D:15:     hangedman_depths_entry_try_elsewhere_first, layout_basic,
          chequers_serial_rivers_micro_c, serial_shops, nicolae_shop_trees,
          minmay_misc_feat_diagonals, hangedman_decor_riveting
Temple:   regret_index_temple_sigil_plot
Lair:1:   layout_cave_pods
Lair:2:   layout_cave_shapes, minmay_shoals_entry_beasts,
          spider_nest_entry_web_field, forest_entry_grove, grunt_megastairs_5
Lair:3:   dpeg_oklob_gauntlet, layout_cave_shapes,
          portal_ice_cave_entry_ice_beasts, lemuel_fruit_fields,
          infiniplex_staircase_pool, uniq_fannar
Lair:4:   layout_roguey
Lair:5:   nzn_motion_control, layout_gridlike, infiniplex_staircase_pool_2,
          uniq_nessos
Lair:6:   cheibrodos_lair_end_hotspot, layout_small_grid,
          minmay_slime_entry_oklob_enclosed
Shoals:1: layout_shoals
Spider:1: layout_spider_delve, einodemon_crawler_minivault
Spider:2: layout_spider_delve, ebering_ghost_xom, hangedman_stitches_earthworm
Spider:3: layout_chambers, drop_trap, uniq_donald, uniq_azrael, uniq_agnes
Spider:4: johnstein_spider_rune_arachne_lair, nicolae_spider_stair_cavern
Orc:1:    layout_caves, uniq_harold
Orc:2:    grunt_orc_cross, layout_caves, gammafunk_ghost_stat_death,
          minmay_orc_temple_b

Skill      XL: |  1  2  3  4  5  6  7  8  9 10 11 12 13 14 15 16 17 |
---------------+----------------------------------------------------+-----
Axes           | 3 4 5 6 7 8 9 10 12 13 14 16 17 18 | 18.0
Fighting       | 4 5 6 7 9 11 12 13 15 17 18 20 | 20.6
Armour         | 4 5 6 7 8 10 13 14 | 14.5
Shields        | 5 8 10 12 15 | 15.0
Invocations    | 1 4 6 9 10 | 10.0
Throwing       | 6 8 |  8.4

Action                   |  1- 3 |  4- 6 |  7- 9 | 10-12 | 13-15 | 16-18 || total
-------------------------+-------+-------+-------+-------+-------+-------++-------
Melee: War axe           |   123 |    32 |   206 |   545 |   142 |       ||  1048
       Headbutt          |    17 |    20 |    61 |   171 |   302 |   204 ||   775
       Battleaxe         |       |   106 |    61 |       |       |       ||   167
       Morningstar       |       |       |       |     9 |    35 |       ||    44
       Broad axe         |       |       |       |       |   689 |   560 ||  1249
Throw: Stone             |    34 |    86 |   173 |   405 |   603 |   541 ||  1842
       Javelin           |       |       |       |       |    51 |       ||    51
Invok: Bend Time         |       |       |       |     1 |    13 |       ||    14
       Temporal Distorti |       |       |       |     1 |    22 |     9 ||    32
       Slouch            |       |       |       |       |    14 |    15 ||    29
       Step From Time    |       |       |       |       |       |     1 ||     1
Evoke: Wand              |       |       |       |       |    21 |     7 ||    28
  Use: Scroll            |       |     7 |     3 |    18 |    13 |     6 ||    47
       Potion            |       |       |       |     1 |     5 |     5 ||    11
 Stab: Petrified         |       |       |       |       |     1 |       ||     1
  Eat: Chunk             |     2 |     4 |    38 |    14 |    43 |    18 ||   119
       Ration            |       |     1 |       |       |       |       ||     1
Armor: Scale mail        |    50 |    17 |       |       |       |       ||    67
       Chain mail        |       |    59 |    99 |    25 |       |       ||   183
       Plate armour      |       |       |       |   104 |   279 |   296 ||   679
Dodge: Dodged            |    39 |    61 |    94 |   120 |   160 |   146 ||   620
Block: Shield            |    73 |    14 |    92 |   306 |   745 |   446 ||  1676
       Reflection        |       |       |       |       |       |     4 ||     4

Table legend:
 A = Non-vault XP
 B = Vault XP
 C = Vault XP percentage of total XP
 D = Non-vault monster count
 E = Vault monster count
 F = Vault count percentage of total count
                 A         B        C        D         E       F
            +---------+---------+-------+---------+---------+-------
      Total |  165819 |   92622 |  35.8 |     767 |     310 |  28.8
            +---------+---------+-------+---------+---------+-------
        D:1 |      34 |       6 |  15.0 |      19 |       4 |  17.4
        D:2 |     102 |       0 |   0.0 |      19 |       0 |   0.0
        D:3 |     281 |      76 |  21.3 |      36 |      10 |  21.7
        D:4 |     577 |       0 |   0.0 |      16 |       0 |   0.0
        D:5 |     532 |      13 |   2.4 |      12 |       1 |   7.7
        D:6 |     374 |     418 |  52.8 |       8 |       3 |  27.3
        D:7 |    2758 |     172 |   5.9 |      38 |       1 |   2.6
        D:8 |    2210 |    1267 |  36.4 |      32 |       6 |  15.8
        D:9 |    1439 |     162 |  10.1 |      29 |       8 |  21.6
       D:10 |     727 |       0 |   0.0 |      14 |       0 |   0.0
       D:11 |    6824 |       0 |   0.0 |      35 |       0 |   0.0
       D:12 |    7568 |    1375 |  15.4 |      44 |       6 |  12.0
       D:13 |    7196 |    3004 |  29.5 |      19 |      10 |  34.5
       D:14 |    9313 |    5268 |  36.1 |      44 |      12 |  21.4
       D:15 |    5919 |    1687 |  22.2 |      15 |       3 |  16.7
     Temple |     231 |       0 |   0.0 |       2 |       0 |   0.0
     Lair:1 |    6434 |       0 |   0.0 |      24 |       0 |   0.0
     Lair:2 |    7165 |    2927 |  29.0 |      30 |      13 |  30.2
     Lair:3 |    4597 |    3728 |  44.8 |      15 |      12 |  44.4
     Lair:4 |    2252 |       0 |   0.0 |      10 |       0 |   0.0
     Lair:5 |    7047 |    4182 |  37.2 |      19 |       5 |  20.8
     Lair:6 |    7780 |    7547 |  49.2 |      23 |      28 |  54.9
   Spider:1 |   14988 |    2122 |  12.4 |      33 |       8 |  19.5
   Spider:2 |   18551 |    2833 |  13.2 |      57 |      12 |  17.4
   Spider:3 |   22157 |    6656 |  23.1 |      50 |      11 |  18.0
   Spider:4 |   20829 |   34079 |  62.1 |      43 |      57 |  57.0
      Orc:1 |    2061 |       0 |   0.0 |      28 |       0 |   0.0
      Orc:2 |    5873 |    8552 |  59.3 |      53 |      46 |  46.5
      IceCv |       0 |    6548 | 100.0 |       0 |      54 | 100.0
            +---------+---------+-------+---------+---------+-------

Levels and vault maps discovered:
D:1:      dpeg_arrival_renting, layout_basic, minmay_cut_off
D:2:      layout_rooms
D:3:      layout_loops_cross, first_ration, minmay_snake_closets
D:4:      layout_rooms, nicolae_overflow_crystal_walls,
          ebering_ghost_rock_garden
D:5:      layout_layer_cave, serial_shops, nicolae_shop_statue_plus,
          kennysheep_generic_room_3
D:6:      layout_basic, minmay_temple_entry_gardened_gates, dk_vineyard_2,
          uniq_eustachio, uniq_duvessa
D:7:      layout_basic, uniq_menkaure
D:8:      layout_basic, minmay_ruffians, uniq_prince_ribbit1
D:9:      layout_cave_pools, hangedman_little_slice_of_home
D:10:     layout_basic, dpeg_oklobed_lair, serial_shops,
          nicolae_shop_behind_doors, minivault_15,
          onia_ninara_dug_in_and_dangerous
D:11:     layout_basic, basic_altar
D:12:     layout_long_grid, orc_david_3
D:13:     layout_gridville
D:14:     layout_loops_ring, david_vaults_3, serial_shops, bzr_entry_safe,
          minmay_misc_feat_rugged, kennysheep_potato, uniq_roxanne
D:15:     hangedman_depths_entry_try_elsewhere_first, layout_basic,
          chequers_serial_rivers_micro_c, serial_shops, nicolae_shop_trees,
          minmay_misc_feat_diagonals, hangedman_decor_riveting
Temple:   regret_index_temple_sigil_plot
Lair:1:   layout_cave_pods
Lair:2:   layout_cave_shapes, minmay_shoals_entry_beasts,
          spider_nest_entry_web_field, forest_entry_grove, grunt_megastairs_5
Lair:3:   dpeg_oklob_gauntlet, layout_cave_shapes,
          portal_ice_cave_entry_ice_beasts, lemuel_fruit_fields,
          infiniplex_staircase_pool, uniq_fannar
Lair:4:   layout_roguey
Lair:5:   nzn_motion_control, layout_gridlike, infiniplex_staircase_pool_2,
          uniq_nessos
Lair:6:   cheibrodos_lair_end_hotspot, layout_small_grid,
          minmay_slime_entry_oklob_enclosed
Shoals:1: layout_shoals
Spider:1: layout_spider_delve, einodemon_crawler_minivault
Spider:2: layout_spider_delve, ebering_ghost_xom, hangedman_stitches_earthworm
Spider:3: layout_chambers, drop_trap, uniq_donald, uniq_azrael, uniq_agnes
Spider:4: johnstein_spider_rune_arachne_lair, nicolae_spider_stair_cavern
Orc:1:    layout_caves, uniq_harold
Orc:2:    grunt_orc_cross, layout_caves, gammafunk_ghost_stat_death,
          minmay_orc_temple_b

Table legend:
 A = Turns spent in this place as a percentage of turns spent in the entire game.
 B = Non-inter-level travel turns spent in this place as a percentage of non-inter-level travel turns spent in the entire game.
 C = Inter-level travel turns spent in this place as a percentage of turns spent in this place.
 D = Turns resting spent in this place as a percentage of non-inter-level travel turns spent in this place.
 E = Turns spent auto-exploring this place as a percentage of non-inter-level travel turns spent in this place.
 F = Non-inter-level travel turns spent in this place divided by the number of levels of this place that you've seen.
                   A       B       C       D       E      F
               +-------+-------+-------+-------+-------+----------------------
         Total | 100.0 | 100.0 |   3.2 |  38.5 |  43.6 | 1321.3
       Dungeon |  43.0 |  43.0 |   3.3 |  30.5 |  51.5 | 1136.2
        Temple |   1.6 |   1.6 |   0.0 |  91.9 |   0.0 | 644.0
          Lair |  21.1 |  20.7 |   5.1 |  36.0 |  49.2 | 1366.2
        Shoals |   0.0 |   0.0 |  50.0 |   0.0 |   0.0 |   1.0
   Spider Nest |  24.6 |  24.9 |   2.1 |  48.4 |  32.6 | 2470.5
  Orcish Mines |   6.0 |   6.0 |   3.5 |  31.1 |  45.7 | 1187.0
      Ice Cave |   3.7 |   3.8 |   0.0 |  66.1 |  10.4 | 1497.0
               +-------+-------+-------+-------+-------+----------------------

Table legend:
 A = Kills in this place as a percentage of kills in entire the game.
 B = Kills by you in this place as a percentage of kills by you in the entire game.
 C = Kills by friends in this place as a percentage of kills by friends in the entire game.
 D = Other kills in this place as a percentage of other kills in the entire game.
 E = Experience gained in this place as a percentage of experience gained in the entire game.
 F = Experience gained in this place divided by the number of levels of this place that you have seen.
                   A       B       C       D       E      F
               +-------+-------+-------+-------+-------+----------------------
         Total | 100.0 | 100.0 |   N/A | 100.0 | 100.0 | 8614.7
       Dungeon |  41.2 |  41.2 |   N/A | 100.0 |  22.9 | 3953.5
        Temple |   0.2 |   0.2 |   N/A |   0.0 |   0.1 | 231.0
          Lair |  16.6 |  16.6 |   N/A |   0.0 |  20.8 | 8943.2
   Spider Nest |  25.2 |  25.2 |   N/A |   0.0 |  47.3 | 30553.8
  Orcish Mines |  11.8 |  11.8 |   N/A |   0.0 |   6.4 | 8243.0
      Ice Cave |   5.0 |   5.0 |   N/A |   0.0 |   2.5 | 6548.0
               +-------+-------+-------+-------+-------+----------------------
